Map: Ruins of Endion

Players

Naffy

  • Race: Terran Terran
  • League: Grandmaster

ThisGameSuck - Winner!

  • Race: Protoss Protoss
  • League: Grandmaster

VOD

Have the link to the VOD?

Description

Time

  • Played on: June 29, 2016, 9:09 a.m.
  • Length: 11:12
Show
View Real Time Build Order
Export as new Build Order

Naffy Terran 

Build Orders: Reaper Expand, MMM Bio 

Get SALT Encoding   

  12  0:01  SCV  
  13  0:13  SCV  
  14  0:18  Supply Depot  
  14  0:25  SCV  
  15  0:39  SCV  
  15  0:40  Barracks  
  16  0:45  Refinery  
  16  0:51  SCV  
  17  1:03  SCV  
  18  1:15  SCV  
  19  1:27  Orbital Command  
  19  1:28  Reaper  
  20  1:42  Command Center  
  20  1:51  Supply Depot  
  20  1:54  SCV  
  20  2:00  Barracks Reactor  
  21  2:06  SCV  
  22  2:23  Command Center  
  22  2:27  SCV  
  22  2:35  Factory  
  22  2:37  Marine  
  22  2:38  Marine  
  22  2:41  SCV  
  25  2:53  SCV  
  25  2:54  Orbital Command  
  25  2:56  Marine x2  
  28  3:06  Refinery, SCV  
  29  3:14  Marine x2  
  29  3:19  SCV  
  32  3:20  Factory Tech Lab  
  32  3:23  Starport  
  32  3:26  SCV  
  33  3:31  SCV  
  34  3:36  Orbital Command  
  34  3:38  SCV  
  35  3:43  SCV  
  35  3:45  Cyclone  
  40  3:48  Marine x2  
  40  3:53  SCV  
  40  3:55  SCV  
  44  4:02  SCV  
  45  4:05  SCV  
  45  4:07  SCV  
  47  4:11  Marine, Barracks  
  47  4:13  Marine, Barracks  
  47  4:16  SCV  
  50  4:17  SCV  
  50  4:19  SCV  
  50  4:23  Factory Tech Lab  
  52  4:24  Raven  
  52  4:26  Refinery  
  52  4:28  SCV  
  52  4:29  SCV  
  52  4:31  Supply Depot, SCV  
  56  4:35  Supply Depot  
  56  4:37  Marine  
  56  4:38  Marine  
  59  4:42  SCV  
  59  4:43  SCV  
  61  4:50  Refinery  
  62  4:52  SCV  
  62  4:53  Supply Depot  
  62  4:56  SCV  
  62  4:58  Siege Tank  
  66  5:00  Barracks Tech Lab x2  
  66  5:05  SCV  
  67  5:08  Supply Depot, SCV  
  68  5:15  Orbital Command  
  68  5:16  Marine x2  
  68  5:17  SCV  
  68  5:20  Engineering Bay  
  71  5:21  Starport Reactor  
  71  5:22  Engineering Bay  
  71  5:23  Stimpack  
  71  5:26  Combat Shields  
  71  5:28  SCV  
  71  5:29  SCV  
  73  5:36  Siege Tank  
  73  5:39  Marine x2  
  73  5:42  SCV x2  
  80  5:44  SCV  
  80  5:47  Supply Depot  
  81  5:54  Terran Infantry Weapons Level 1, Terran Infantry Armor Level 1, SCV x2  
  81  5:56  SCV  
  84  6:00  Marine x4  
  87  6:06  Supply Depot, SCV  
  87  6:07  SCV  
  87  6:08  SCV  
  90  6:19  Siege Tank, SCV x2  
  90  6:20  SCV  
  90  6:22  Supply Depot  
  90  6:24  Supply Depot, Armory  
  96  6:28  Refinery  
  96  6:30  Refinery  
  96  6:31  SCV x2  
  96  6:32  Medivac x2, SCV  
  103  6:40  Marine  
  103  6:41  Marine x3  
  103  6:43  SCV  
  103  6:44  SCV x2  
  110  6:49  Supply Depot  
  108  6:55  SCV  
  108  6:56  Barracks, SCV x2  
  108  6:57  Barracks  
  109  7:06  Marine x3  
  109  7:08  SCV x3  
  109  7:12  Marine  
  107  7:19  Medivac x2  
  107  7:20  Siege Tank, SCV x3  
  107  7:22  Supply Depot  
  115  7:24  Supply Depot, Marine x2  
  115  7:29  Starport, Concussive Shells  
  117  7:32  SCV x2  
  117  7:33  SCV  
  120  7:40  Missile Turret  
  120  7:42  Missile Turret  
  121  7:44  Barracks Reactor, SCV  
  121  7:45  Barracks Tech Lab  
  121  7:46  Marine x2  
  121  7:48  SCV x2  
  119  7:56  SCV  
  119  7:58  Terran Infantry Armor Level 2, Terran Infantry Weapons Level 2  
  114  7:59  Terran Ship Weapons Level 1  
  114  8:00  Medivac x2, SCV  
  114  8:01  Marine x2, SCV  
  114  8:04  Marine x2  
  114  8:05  Siege Tank  
  126  8:08  SCV  
  124  8:13  SCV x2  
  124  8:19  Liberator  
  71  8:20  Liberator, SCV  
  121  8:24  Missile Turret  
  121  8:25  SCV x2  
  122  8:32  Marine x6  
  122  8:33  Marine  
  129  8:37  Fusion Core  
  135  8:44  Medivac  
  137  8:49  Marine  
  137  8:50  Marine x5  
  137  8:51  Marine  
  137  8:53  SCV x3  
  145  8:57  Liberator  
  139  9:05  SCV x3  
  139  9:07  Marine x2  
  139  9:08  Marine  
  145  9:17  SCV x3  
  148  9:29  SCV  
  131  9:32  Marine x2  
  131  9:33  Marine x5  
  131  9:34  SCV x2  
  129  9:39  Liberator x2  
  114  9:49  Siege Tank  
  114  9:50  Marine x3  
  114  9:51  Marine, Marauder x3  
  114  9:52  Command Center  
  128  10:14  Marine x4  
  128  10:15  Marauder x3  
  128  10:20  Medivac  
  137  10:22  Barracks x2  
  137  10:25  Barracks  
  122  10:32  Marine x4, SCV x2  
  114  10:36  Marauder x2  
  114  10:37  Marauder  
  108  10:49  Marine  
  99  10:50  Marine x3  
Show
View Real Time Build Order
Export as new Build Order

ThisGameSuck Protoss - Winner!

Build Orders: 1 Gate Expand, Double Forge, Blink Stalkers 

Get SALT Encoding   

  12  0:01  Probe (Chrono Boost)  
  13  0:11  Probe (Chrono Boost)  
  14  0:17  Pylon  
  14  0:22  Probe (Chrono Boost)  
  16  0:35  Probe (Chrono Boost)  
  16  0:37  Gateway  
  16  0:46  Probe (Chrono Boost)  
  16  0:47  Assimilator  
  17  0:57  Probe (Chrono Boost)  
  18  1:07  Probe (Chrono Boost)  
  19  1:19  Nexus  
  19  1:28  Cybernetics Core  
  19  1:32  Probe (Chrono Boost)  
  20  1:38  Assimilator  
  20  1:42  Probe (Chrono Boost)  
  21  1:47  Pylon  
  21  1:53  Probe (Chrono Boost)  
  22  2:06  Mothership Core (Chrono Boost)  
  24  2:09  Adept  
  26  2:18  Warp Gate  
  26  2:24  Probe (Chrono Boost)  
  27  2:31  Probe (Chrono Boost)  
  27  2:34  Probe (Chrono Boost)  
  29  2:37  Robotics Facility  
  29  2:42  Probe (Chrono Boost)  
  30  2:45  Probe (Chrono Boost)  
  31  2:52  Probe (Chrono Boost)  
  31  2:55  Probe (Chrono Boost)  
  31  2:57  Twilight Council  
  33  3:03  Probe (Chrono Boost)  
  34  3:06  Probe (Chrono Boost)  
  34  3:11  Gateway  
  35  3:13  Probe (Chrono Boost)  
  35  3:16  Gateway  
  35  3:18  Probe (Chrono Boost)  
  37  3:22  Probe (Chrono Boost)  
  37  3:25  Observer (Chrono Boost)  
  39  3:29  Probe  
  39  3:33  Probe (Chrono Boost)  
  40  3:37  Blink (Chrono Boost)  
  40  3:41  Pylon, Probe (Chrono Boost)  
  42  3:47  Probe (Chrono Boost)  
  43  3:52  Probe (Chrono Boost)  
  43  3:54  Observer (Chrono Boost)  
  45  3:59  Nexus, Probe  
  46  4:06  Probe  
  46  4:08  Pylon  
  47  4:10  Probe  
  47  4:13  Observer (Chrono Boost)  
  49  4:18  Probe  
  49  4:20  Probe  
  51  4:25  Assimilator  
  51  4:27  Pylon  
  51  4:29  Assimilator  
  51  4:32  Forge x2, Probe x2  
  53  4:39  Warp Prism  
  53  4:44  Probe x2  
  56  4:46  Pylon  
  57  4:53  Stalker  
  57  4:54  Stalker  
  57  4:56  Probe  
  57  4:59  Stalker  
  64  5:00  Probe  
  65  5:09  Protoss Ground Armor Level 1 (Chrono Boost)  
  65  5:11  Protoss Ground Weapons Level 1 (Chrono Boost), Probe  
  65  5:13  Probe x2  
  65  5:14  Pylon  
  67  5:21  Stalker  
  67  5:27  Probe  
  67  5:28  Probe  
  71  5:29  Probe  
  71  5:31  Resonating Glaives  
  72  5:38  Gateway  
  72  5:39  Probe  
  72  5:40  Gateway  
  72  5:41  Probe  
  74  5:46  Adept  
  74  5:47  Adept x2, Probe  
  81  5:52  Probe  
  81  5:53  Observer  
  81  5:55  Probe  
  84  5:58  Probe  
  84  6:00  Pylon  
  84  6:02  Pylon  
  85  6:05  Probe  
  85  6:07  Probe  
  85  6:09  Probe  
  88  6:14  Immortal  
  88  6:15  Assimilator  
  88  6:17  Adept, Probe  
  95  6:19  Stalker, Probe  
  95  6:24  Gateway  
  98  6:29  Stalker  
  98  6:31  Probe  
  98  6:32  Probe  
  102  6:33  Gateway  
  102  6:34  Assimilator  
  102  6:36  Gateway  
  102  6:42  Probe  
  102  6:44  Probe  
  102  6:46  Pylon  
  104  6:57  Stalker  
  104  6:58  Stalker x2  
  108  7:04  Protoss Ground Armor Level 2 (Chrono Boost), Protoss Ground Weapons Level 2 (Chrono Boost)  
  108  7:05  Immortal (Chrono Boost)  
  97  7:28  Gateway  
  97  7:29  Stargate  
  97  7:30  Adept x3  
  97  7:31  Adept, Templar Archives  
  97  7:32  Sentry, Gateway  
  97  7:33  Probe x2  
  113  7:44  Immortal (Chrono Boost)  
  114  7:51  Probe  
  110  8:18  Immortal (Chrono Boost)  
  112  8:24  Stalker x6  
  122  8:27  Psionic Storm  
  122  8:29  Pylon  
  122  8:30  Pylon  
  122  8:31  Pylon  
  122  8:32  Pylon  
  122  8:34  Pylon  
  120  8:38  Charge, Fleet Beacon  
  120  8:41  Zealot x2  
  124  8:52  Immortal (Chrono Boost)  
  128  8:57  Stalker x4  
  128  8:58  Stalker x3  
  139  9:12  Pylon  
  139  9:14  Pylon  
  135  9:17  Zealot x3  
  140  9:28  Stalker x6  
  134  9:32  Stalker  
  126  9:43  Immortal (Chrono Boost)  
  126  9:45  Zealot x3  
  136  9:53  Stalker x6  
  148  10:03  Nexus  
  148  10:10  Zealot x4  
  156  10:18  Pylon  
  154  10:26  Nexus  
  130  10:28  Zealot x5  
  130  10:29  Zealot  
  124  10:43  Stalker x2  
  124  10:44  Stalker x2  
  132  10:59  Stalker x4  
  140  11:07  Stalker x5  
Tags
 
Add a new tag
Caveats
  • Supply blocks, unpowered buildings, or Contaminate may cause inaccurate times.
  • Supply counts are checked every 10 seconds.